[Event "Portugal Championship 2024"]
[Site "Fontelo"]
[Date "2024.09.01"]
[Round "1.1"]
[White "Barria Santos, Jose Guilherme"]
[Black "Martins, Bruno Andre Leite"]
[Result "1/2-1/2"]
[ECO "D32"]
[WhiteElo "2411"]
[BlackElo "2335"]
[Annotator "TA"]
[PlyCount "72"]
[EventDate "2024.09.02"]
[EventType "tourn"]
[EventCountry "POR"]
[SourceTitle "playchess.com"]
[Source "ChessBase"]
[SourceQuality "1"]
[TimeControl "5400+30"]

1. d4 d5 2. c4 e6 3. Nc3 c5 4. e3 Nf6 5. Nf3 a6 6. cxd5 exd5 7. Bd3 c4 8. Bc2 Bb4 9. O-O {The position is equal.} O-O 10. Ne5 {Against Bg4} Nc6 11. f4 Ne8 12. Bd2 Bxc3 (12... Ne7 $5) 13. Bxc3 Nd6 14. b3 cxb3 15. Bxb3 {This pair of bishops is nice.} Ne4 16. Nxc6 bxc6 17. Be1 a5 18. Rc1 Qb6 19. Qc2 Ba6 {[#] Strongly threatening ...a4.} 20. Rf3 Bb5 {Hoping for ...a4.} 21. a4 Be2 $36 {[%mdl 2048] Black has some pressure.} 22. Ba2 Bxf3 $19 23. gxf3 Nf6 24. Bh4 Rfb8 (24... Rfe8 $19 25. Bxf6 gxf6) 25. Rb1 (25. Bxf6 $17 gxf6 26. Qxc6 (26. Bb1 $2 Qb2 $19)) 25... Qc7 26. Rc1 Qb6 27. Rb1 $1 Qc7 28. Rc1 $1 Qe7 29. Qd3 Rb2 30. Bb1 Rab8 {...R8b3 is the strong threat.} 31. Bc2 Qd6 32. Be1 Qd8 33. Qa6 $2 {[#]} (33. Ra1 $17 {was worth a try.}) 33... Qe7 34. Qd3 Qd8 35. Qa6 $1 Qe7 36. Qd3 Qd8 $2 {Weighted Error Value: White=0.23 (precise) /Black=0.58.  Loses game:     	White=1     	---        Missed win:     	---       	Black=1      Mistake:       	White=2     	Black=1      Inaccurate:     	White=2     	Black=2      OK:         	White=7     	Black=9      Best:        	White=1     	Black=1      Strong:       	White=3     	---} (36... Ra2 $19 37. Bxa5 g6) 1/2-1/2

[Event "Portugal Championship 2024"]
[Site "Fontelo"]
[Date "2024.09.01"]
[Round "1.3"]
[White "Fernandes, Antonio"]
[Black "Veiga, Jose Francisco R P N"]
[Result "0-1"]
[ECO "C79"]
[WhiteElo "2330"]
[BlackElo "2404"]
[Annotator "TA"]
[PlyCount "89"]
[EventDate "2024.09.02"]
[EventType "tourn"]
[EventCountry "POR"]
[SourceTitle "playchess.com"]
[Source "ChessBase"]
[SourceQuality "1"]
[TimeControl "5400+30"]

1. e4 e5 2. Nf3 Nc6 3. Bb5 a6 4. Ba4 Nf6 5. O-O d6 6. Re1 Bd7 7. c3 g6 8. d4 Bg7 9. dxe5 Nxe5 10. Nxe5 dxe5 11. Bxd7+ {[%emt 0:00:19] The position is equal.} Qxd7 12. Qxd7+ Nxd7 13. Be3 {[%emt 0:00:22] Prevents Nc5} O-O-O 14. Nd2 {[%emt 0:16:48] [#]} Nc5 $1 15. Bxc5 (15. Re2 Ne6) 15... Rxd2 16. Rab1 Bh6 17. Kf1 Rhd8 18. Be7 Re8 $36 {[%emt 0:11:06][%mdl 2048] Black has good play.} 19. Ba3 b6 20. Rbd1 Red8 {[%emt 0:00:22] Black has more active pieces.} 21. Rxd2 Rxd2 $15 {[%emt 0:00:09][%mdl 4096] Endgame. KRB-KRB} (21... Bxd2 $6 22. Rd1 $11) 22. Re2 Rd1+ 23. Re1 Rd3 24. Re2 Kd7 25. Ke1 Ke6 26. Rc2 c5 27. Ke2 c4 28. b3 b5 29. Bc5 f5 30. bxc4 bxc4 31. exf5+ gxf5 32. f3 (32. Rb2 $15 Bg5 (32... Rxc3 33. Rb6+ Kd5 34. Bb4 $11) 33. Rb6+ Kd5 34. Ba3) 32... Kd5 $17 33. Bf2 e4 34. Bd4 {[%emt 0:01:04] Repels Bg7} Bf4 35. Rb2 exf3+ ({Don't take} 35... Bxh2 36. fxe4+ fxe4 (36... Kxe4 37. Rb6 $11) 37. Rb7 $17) 36. gxf3 Rxd4 ({Not} 36... Bxh2 37. Rb6 $17) 37. cxd4 $19 {[%emt 0:00:09] [#] Threatens to win with Rb7. KR-KB} c3 $1 38. Rc2 Kxd4 39. h3 $2 (39. Kd1) 39... Bd2 {[%emt 0:01:22] Black is clearly winning.} 40. a4 a5 {[%emt 0:00:15] Hoping for ...Kc4.} 41. Ra2 Bc1 42. Rc2 Bf4 {[%emt 0:01:29] ...Kc4 would now be deadly.} 43. Ra2 Kc4 {[%emt 0:00:17] ( -> ...Kb3)} 44. Rc2 Bd2 45. Ra2 {Weighted Error Value: White=0.50/Black=0.25 (precise) .  Mistake:       	White=2     	---        Inaccurate:     	White=3     	---        OK:         	White=14    	Black=18     Best:        	---       	Black=2      Strong:       	---       	Black=1} 0-1

[Event "Portugal Championship 2024"]
[Site "Fontelo"]
[Date "2024.09.01"]
[Round "1.4"]
[White "Sousa, Andre Ventura"]
[Black "Fidalgo, Andre Neves"]
[Result "1-0"]
[ECO "C77"]
[WhiteElo "2403"]
[BlackElo "2226"]
[Annotator "TA"]
[PlyCount "103"]
[EventDate "2024.09.02"]
[EventType "tourn"]
[EventCountry "POR"]
[SourceTitle "playchess.com"]
[Source "ChessBase"]
[SourceQuality "1"]
[TimeControl "5400+30"]

1. e4 e5 2. Nf3 Nc6 3. Bb5 a6 4. Ba4 Nf6 5. d3 b5 6. Bb3 Bc5 7. Nc3 h6 8. Nd5 d6 9. c3 Be6 {[%emt 0:00:30] White has an edge.} 10. Nxf6+ Qxf6 11. O-O O-O 12. Bxe6 fxe6 13. b4 Bb6 14. a4 Qg6 15. Qe2 (15. Kh1 {simplifies} Rad8 16. h3 Qe8 17. Be3) 15... Rab8 16. Be3 Bxe3 17. Qxe3 Rf7 18. Nd2 Qg4 19. Nb3 Qf4 20. axb5 (20. Qxf4 {simplifies} exf4 21. axb5 axb5 22. d4) 20... axb5 21. Ra6 (21. Qh3 {simplifies} Qf6 22. Ra2 Ne7 23. Qg4) 21... Qxe3 22. fxe3 Rxf1+ 23. Kxf1 $14 {[%emt 0:06:25][%mdl 4096] Endgame. KRN-KRN} Rb6 24. Ra8+ Rb8 25. Ra2 Kf7 26. d4 Ke7 27. d5 Nd8 28. Ra7 Rb7 29. Ra6 Kd7 30. Na5 Rb6 31. Ra8 Ke7 (31... c6 $14) 32. Ke2 Kd7 (32... h5 $16) 33. Kd3 $18 Ke7 34. Kc2 Kd7 35. h4 {[%emt 0:00:20][%cal Bh2h4,Bh4h5][%mdl 32] White is more active.} Ke7 (35... g6 $16 {might work better.} 36. g4 exd5) 36. Kb3 Kd7 (36... g6 $142 37. c4 exd5) 37. h5 Ke7 38. Kc2 Kd7 (38... exd5 {was necessary.} 39. exd5 e4) 39. Kd3 Ke7 40. g4 Kd7 41. c4 c5 42. Ra7+ Ke8 43. bxc5 (43. Rxg7 Kf8 44. bxc5 dxc5 $18) 43... dxc5 44. cxb5 ({Don't take} 44. Rxg7 Ra6 45. Nb3 (45. cxb5 Rxa5 46. g5 Ra3+ 47. Kc4 hxg5 $18) 45... Ra4) 44... Rxb5 45. Nc4 {[%emt 0:00:00] [#] Threatens to win with Nd6+.} Rb3+ 46. Kc2 Rb4 47. Nd6+ ({Worse is} 47. Nxe5 Rxe4 48. Nc6 exd5 $11 (48... Rxe3 49. Ra8 $16)) 47... Kf8 48. Rd7 (48. Ra8 Ke7 $18) 48... exd5 49. exd5 ({Weaker is} 49. Rxd8+ Ke7 $11) 49... Rxg4 50. Rxd8+ Ke7 51. Nb7 {[%emt 0:00:00] [#] d6+ would now be deadly.} Rb4 52. d6+ {[%emt 0:00:00] Weighted Error Value: White=0.10 (very precise) /Black=0.45.  Mistake:       	---       	Black=5      Inaccurate:     	White=2     	Black=6      OK:         	White=18    	Black=12     Best:        	White=2     	---} 1-0

[Event "Portugal Championship 2024"]
[Site "Fontelo"]
[Date "2024.09.01"]
[Round "1.5"]
[White "Silva, Miguel Antonio Neto"]
[Black "Goncalves, Samuel Jesus P"]
[Result "1-0"]
[ECO "A41"]
[WhiteElo "2207"]
[BlackElo "2169"]
[Annotator "TA"]
[PlyCount "93"]
[EventDate "2024.09.02"]
[EventType "tourn"]
[EventCountry "POR"]
[SourceTitle "playchess.com"]
[Source "ChessBase"]
[SourceQuality "1"]
[TimeControl "5400+30"]

1. d4 d6 2. Nf3 Nf6 3. c4 g6 4. Nc3 Bf5 5. Qb3 b6 6. g3 Bg7 7. Bg2 c6 8. O-O {[%emt 0:01:41] White is slightly better.} O-O 9. Re1 Ne4 (9... Nbd7 $14) 10. Nh4 $16 Nxc3 11. Nxf5 (11. bxc3 $6 Bd7 $11) (11. Qxc3 $6 Bd7 $14) 11... gxf5 12. bxc3 e6 13. Ba3 Re8 14. Rad1 {[%emt 0:01:31] White is more active.} d5 (14... Qc7 $16 {was necessary.} 15. Qa4 Rd8) 15. cxd5 $18 cxd5 16. c4 Nc6 17. cxd5 Nxd4 {[%emt 0:03:06] [#]} 18. Rxd4 Bxd4 19. dxe6 fxe6 20. Bxa8 Qxa8 21. Rd1 Bf6 22. Rd7 Qe4 23. e3 (23. Rxa7 $6 Qxe2 24. Rd7 (24. Qxb6 Qd1+ 25. Kg2 Qd5+ 26. Kg1 Bd4 $17) 24... Rc8 $11) 23... Rd8 $2 {[%emt 0:00:39][%mdl 8192] This costs Black the game.} (23... h5 $16) 24. Qd1 $2 (24. Rxa7 Rd2 $11) (24. Rxd8+ Bxd8 25. Qb5) 24... Rxd7 (24... Qa8 $142) 25. Qxd7 {[%emt 0:00:14][%mdl 4096] Endgame. Intending Qe8+ and mate. KQB-KQB} h6 26. Qe8+ Kh7 27. Qf7+ Bg7 28. Bf8 $1 ({Stronger than} 28. Qxa7 Qb1+ 29. Kg2 Qxa2 $11) 28... Qb1+ (28... Qg4 $142 29. Bxg7 (29. Qxa7 Kh8 $18) 29... Qxg7 30. Qxe6 Qg6 31. Qd7+ Kg8 32. Qxa7 Qc6) 29. Kg2 Qe4+ $2 (29... Qb2 30. Qxa7 Kg8 31. Bxg7 Qxg7 32. Qxg7+ (32. Qxb6 Qd7 $18) 32... Kxg7) 30. f3 Qc2+ 31. Kh3 Qb2 32. Qxa7 {[%emt 0:00:28] Bxg7 would now be deadly.} Kg8 33. Bxg7 Qxg7 34. Qxg7+ Kxg7 {[%emt 0:00:05] KP-KP} 35. Kh4 {[%emt 0:00:07] White mates.} Kg6 36. f4 b5 37. a3 h5 38. h3 Kh6 39. g4 hxg4 40. hxg4 fxg4 41. Kxg4 {[%emt 0:01:01] K3P-KPP} Kg6 42. e4 Kf6 43. e5+ Kg6 {[%emt 0:00:33] [#]} 44. f5+ $1 exf5+ 45. Kf4 Kf7 46. Kxf5 Ke7 47. Ke4 {[%emt 0:00:27] Weighted Error Value: White=0.33/Black=0.45.  Loses game:     	---       	Black=1      Mistake:       	White=1     	Black=5      Inaccurate:     	White=1     	Black=3      OK:         	White=10    	Black=6      Best:        	White=6     	Black=2      Strong:       	White=1     	---} 1-0

[Event "Portugal Championship 2024"]
[Site "Fontelo"]
[Date "2024.09.01"]
[Round "1.5"]
[White "SILVA, Miguel Pires da"]
[Black "Goncalves, Samuel Jesus P"]
[Result "1-0"]
[ECO "A41"]
[WhiteElo "2192"]
[BlackElo "2169"]
[Annotator "TA"]
[PlyCount "93"]
[EventDate "2024.09.02"]
[EventType "tourn"]
[EventCountry "POR"]
[SourceTitle "playchess.com"]
[Source "ChessBase"]
[SourceQuality "1"]
[TimeControl "5400+30"]

1. d4 d6 2. Nf3 Nf6 3. c4 g6 4. Nc3 Bf5 5. Qb3 b6 6. g3 Bg7 7. Bg2 c6 8. O-O {[%emt 0:01:41] White is slightly better.} O-O 9. Re1 Ne4 (9... Nbd7 $14) 10. Nh4 $16 Nxc3 11. Nxf5 (11. bxc3 $6 Bg4 $11) (11. Qxc3 $6 Bg4 $14) 11... gxf5 12. bxc3 e6 13. Ba3 {[%emt 0:01:47] White is more active.} Re8 (13... Qc7 $16) 14. Rad1 $18 d5 (14... Qd7 $16 {was worth a try.} 15. e4 fxe4 16. Rxe4 (16. Bxe4 f5 $18) 16... d5) 15. cxd5 cxd5 16. c4 Nc6 17. cxd5 Nxd4 {[%emt 0:03:06] [#]} 18. Rxd4 Bxd4 19. dxe6 fxe6 {[%emt 0:00:29] [#]} 20. Bxa8 (20. Rd1 $1 $18 {and the rest is easy.} Qf6 21. Bxa8 Rxa8 22. Qc4) 20... Qxa8 $16 21. Rd1 Bf6 22. Rd7 Qe4 23. e3 ({Don't play} 23. Rxa7 $6 Qxe2 24. Qa4 (24. Qxb6 Qd1+ 25. Kg2 Qd5+ 26. Kg1 Bd4 $17) 24... b5 $11) 23... Rd8 $2 {[%emt 0:00:39][%mdl 8192] A mistake that costs the game.} (23... h5 $16) 24. Qd1 $2 ({Stronger than} 24. Rxa7 Rd2 $11) (24. Rxd8+ Bxd8 25. Qb5) 24... Rxd7 (24... Qa8 {was necessary.}) 25. Qxd7 $18 {[%emt 0:00:14][%mdl 4096] Endgame. Qe8+ would kill now. KQB-KQB} h6 26. Qe8+ Kh7 27. Qf7+ Bg7 28. Bf8 $1 ({Inferior is} 28. Qxa7 Qb1+ 29. Kg2 Qxa2 $11) 28... Qb1+ 29. Kg2 Qe4+ $2 (29... Qa1 30. Qxa7 b5 31. Qxg7+ Qxg7 32. Bxg7 Kxg7) 30. f3 Qc2+ 31. Kh3 Qb2 32. Qxa7 Kg8 33. Bxg7 {[%emt 0:01:30] White mates.} Qxg7 34. Qxg7+ Kxg7 {[%emt 0:00:05] KP-KP} 35. Kh4 Kg6 36. f4 b5 37. a3 h5 38. h3 Kh6 39. g4 hxg4 40. hxg4 fxg4 41. Kxg4 {[%emt 0:01:01] K3P-KPP} Kg6 42. e4 Kf6 43. e5+ Kg6 {[%emt 0:00:33] [#]} 44. f5+ $1 exf5+ 45. Kf4 Kf7 46. Kxf5 Ke7 47. Ke4 {[%emt 0:00:27] Weighted Error Value: White=0.30/Black=0.42.  Loses game:     	---       	Black=1      Mistake:       	White=2     	Black=5      Inaccurate:     	---       	Black=2      OK:         	White=8     	Black=8      Best:        	White=8     	Black=2      Strong:       	White=1     	---} 1-0

[Event "Portugal Championship 2024"]
[Site "Fontelo"]
[Date "2024.09.01"]
[Round "2.1"]
[White "Martins, Bruno Andre Leite"]
[Black "Goncalves, Samuel Jesus P"]
[Result "0-1"]
[ECO "C84"]
[WhiteElo "2335"]
[BlackElo "2169"]
[Annotator "TA"]
[PlyCount "112"]
[EventDate "2024.09.02"]
[EventType "tourn"]
[EventCountry "POR"]
[SourceTitle "playchess.com"]
[Source "ChessBase"]
[SourceQuality "1"]
[TimeControl "5400+30"]

1. e4 e5 2. Nf3 Nc6 3. Bb5 a6 4. Ba4 Nf6 5. O-O Be7 6. d3 b5 7. Bb3 d6 8. c3 O-O 9. a4 Na5 10. Ba2 {Black must now prevent axb5.} Bd7 11. b4 {White has an edge.} Nb7 12. axb5 axb5 13. Qe2 c5 14. Bg5 Ra4 15. Qb2 Qc7 16. Bb3 Rxa1 17. Qxa1 Rc8 18. h3 Nd8 19. Qb2 Ne6 20. Bxf6 Bxf6 21. g3 {Dodges Nf4} g6 22. Kg2 Kg7 23. Re1 Nd8 24. Bd5 Be6 (24... h6 {is more complex.} 25. Nbd2 cxb4 26. Qxb4 Qxc3 27. Qxd6 Qc7) 25. Qa2 Qd7 26. Bxe6 Nxe6 27. Qa6 cxb4 28. cxb4 Rc2 {Strongly threatening ...h5.} 29. Rf1 ({Better is} 29. Na3 $15 Nc7 30. Qb7) 29... d5 $17 {Black converts the advantage convincingly.} 30. Qa3 (30. Qa8 $142) 30... Qc6 $36 {[%mdl 2048] Black is on the roll. Black has more active pieces.} 31. Ne1 (31. Nbd2 $17 {was necessary.}) 31... dxe4 $19 32. Nxc2 (32. dxe4 {was the crucial defense.} Qxe4+ 33. Qf3 Qxf3+ (33... Qxb4 $2 {loses.} 34. Nxc2 Qc5 35. Ne3 $18) 34. Nxf3) 32... exd3+ ({Not} 32... Qxc2 33. dxe4 Qxe4+ 34. Qf3 Qxb4 35. Nc3 $11) 33. f3 Qxc2+ 34. Kg1 Nd4 {[#] ( -> ...Ne2+)} 35. Nc3 Bg5 36. Kh1 Ne2 37. Ne4 {[#]} Nxg3+ $1 38. Nxg3 Bf4 39. Rg1 Bxg3 40. Rxg3 d2 41. Rg1 d1=Q ({Stronger than} 41... d1=B 42. Qe3 $11) 42. Rxd1 Qxd1+ {[%mdl 4096] Endgame. KQ-KQ} 43. Kg2 Qe2+ 44. Kg1 Qe1+ 45. Kg2 h5 {aiming for ...h4.} 46. Qb3 h4 {Black mates.} 47. Qd5 Qg3+ 48. Kf1 Qxh3+ 49. Ke2 Qg2+ 50. Ke3 Qg5+ 51. Kf2 h3 52. Qxb5 Qg2+ 53. Ke3 Qg3 54. Qf1 h2 55. Kd3 Qg1 56. Qe2 Qd4+ {Weighted Error Value: White=0.64/Black=0.10 (very precise) .  Mistake:       	White=4     	---        Inaccurate:     	White=2     	Black=2      OK:         	White=5     	Black=10     Best:        	---       	Black=1} 0-1

[Event "Portugal Championship 2024"]
[Site "Fontelo"]
[Date "2024.09.01"]
[Round "2.2"]
[White "Fidalgo, Andre Neves"]
[Black "SILVA, Miguel Pires da"]
[Result "1/2-1/2"]
[ECO "A37"]
[WhiteElo "2226"]
[BlackElo "2192"]
[Annotator "TA"]
[PlyCount "46"]
[EventDate "2024.09.02"]
[EventType "tourn"]
[EventCountry "POR"]
[SourceTitle "playchess.com"]
[Source "ChessBase"]
[SourceQuality "1"]
[TimeControl "5400+30"]

1. c4 c5 2. g3 Nc6 3. Nc3 g6 4. Bg2 Bg7 5. Nf3 d6 6. O-O e5 7. d3 Nge7 8. Ne1 Be6 9. Bg5 f6 10. Bd2 O-O 11. a3 d5 12. cxd5 Nxd5 13. Rc1 Nde7 14. Ne4 b6 15. b4 Nd4 16. Rb1 {[%emt 0:20:26] Repels Bb3} c4 17. e3 Ndf5 18. b5 Qd7 19. Bb4 cxd3 (19... Qxb5 $2 {is the wrong capture.} 20. Bxe7 Qa5 21. Bb4 $18 (21. Bxf8 Rxf8 22. dxc4 Bxc4 $18)) (19... Rfd8 $11) 20. Qxd3 (20. Nxd3 $14 {is more appropriate.} Rfd8 21. Rb2) 20... Rad8 $11 {[%emt 0:00:34] The position is equal.} 21. Qxd7 Rxd7 22. Nf3 h5 23. Rfd1 Rfd8 {[%emt 0:00:34] Not much happened in this game.   Weighted Error Value: White=0.08 (flawless) /Black=0.10 (very precise) .  Mistake:       	White=1     	Black=1      Inaccurate:     	White=1     	Black=1      OK:         	White=6     	Black=9      Best:        	White=1     	---} 1/2-1/2

[Event "Portugal Championship 2024"]
[Site "Fontelo"]
[Date "2024.09.01"]
[Round "2.2"]
[White "Fidalgo, Andre Neves"]
[Black "Silva, Miguel Antonio Neto"]
[Result "1/2-1/2"]
[ECO "A37"]
[WhiteElo "2226"]
[BlackElo "2207"]
[Annotator "TA"]
[PlyCount "46"]
[EventDate "2024.09.02"]
[EventType "tourn"]
[EventCountry "POR"]
[SourceTitle "playchess.com"]
[Source "ChessBase"]
[SourceQuality "1"]
[TimeControl "5400+30"]

1. c4 c5 2. g3 Nc6 3. Nc3 g6 4. Bg2 Bg7 5. Nf3 d6 6. O-O e5 7. d3 Nge7 8. Ne1 Be6 9. Bg5 f6 10. Bd2 O-O 11. a3 d5 12. cxd5 Nxd5 13. Rc1 Nde7 14. Ne4 b6 15. b4 Nd4 {[%emt 0:00:14] [#] Threatens to win with ...f5.} 16. Rb1 c4 17. e3 Ndf5 18. b5 Qd7 19. Bb4 {[%emt 0:06:09] Black should prevent dxc4.} cxd3 (19... Qxb5 $2 {perishes.} 20. Bxe7 Qa5 21. Bb4 $18 (21. Bxf8 Rxf8 22. dxc4 Bxc4 $18)) 20. Qxd3 {[%emt 0:01:56] [#] aiming for g4.} (20. Nxd3 $5 Rfd8 21. Rb2 $11) 20... Rad8 {[%emt 0:00:34] The position is equal.} 21. Qxd7 Rxd7 22. Nf3 h5 23. Rfd1 Rfd8 {[%emt 0:00:34] An uneventful encounter.   Weighted Error Value: White=0.05 (flawless) /Black=0.06 (flawless) .  Inaccurate:     	---       	Black=1      OK:         	White=8     	Black=8} 1/2-1/2

[Event "Portugal Championship 2024"]
[Site "Fontelo"]
[Date "2024.09.01"]
[Round "2.3"]
[White "Barria Santos, Jose Guilherme"]
[Black "Silva, Pedro Gil Ferreira D"]
[Result "1-0"]
[ECO "D02"]
[WhiteElo "2411"]
[BlackElo "2229"]
[Annotator "TA"]
[PlyCount "119"]
[EventDate "2024.09.02"]
[EventType "tourn"]
[EventCountry "POR"]
[SourceTitle "playchess.com"]
[Source "ChessBase"]
[SourceQuality "1"]
[TimeControl "5400+30"]

1. d4 d5 2. Nf3 Nf6 3. c4 c5 4. e3 cxd4 5. exd4 g6 6. Nc3 Bg7 7. cxd5 Nxd5 8. Bb5+ Bd7 9. Bd3 Nxc3 10. bxc3 Qc7 {[%emt 0:01:10] The position is equal.} 11. Bd2 Nc6 12. O-O O-O 13. Re1 Qd6 (13... e5 {simplifies} 14. Rc1 Qd6 15. Be4 exd4 16. cxd4 Nxd4 17. Be3 Bg4) 14. Ng5 Rac8 15. Qf3 Na5 16. Qe4 Bf5 {[%emt 0:12:30] [#]} 17. Qh4 h6 18. Ne4 Bxe4 19. Qxe4 e6 20. h4 h5 (20... Qc6 $11) 21. Rab1 $1 $14 Qc6 22. Qe2 b6 23. g4 $1 Nc4 24. Bxc4 (24. gxh5 Nxd2 25. Qxd2 Qxc3 (25... gxh5 26. Re3 $16) 26. Qxc3 Rxc3 $15) (24. Bg5 {looks sharper.} hxg4 25. Qxg4 Nd6 26. Rbd1) 24... Qxc4 25. gxh5 gxh5 (25... Qxe2 {simplifies} 26. Rxe2 gxh5 27. Rb5 e5) 26. Qxh5 {[%emt 0:00:12] And now Bh6 would win.} Qd3 ({Black should play} 26... Qxa2 $14 27. Qe2 Rfe8) 27. Qe2 Qxe2 28. Rxe2 Rc4 29. f4 Ra4 30. Be1 Ra5 {[%emt 0:00:38] Inhibits Rb5.} 31. Kf2 Rc8 32. Ke3 Rf5 33. Rg2 Kh7 34. Rg5 $1 Rf6 35. Rg4 Rf5 36. Kd3 Bh6 37. Bd2 Ra5 38. Rb2 Rh5 39. Be1 f5 40. Rg1 Bxf4 41. Re2 Rh6 ({Black should try} 41... Re8 $1 $11) 42. Reg2 (42. Rf1 $14 Bd6 43. d5) 42... Rc7 $11 43. c4 Rd7 44. Bf2 Be5 45. Kc3 Bf6 46. Rh1 Rg6 47. Rxg6 Kxg6 {[%emt 0:00:05][%mdl 4096] Endgame. KRB-KRB} 48. h5+ Kh7 49. Re1 Rd6 50. Rg1 e5 51. d5 Kh6 (51... Bd8 $11 {remains equal.}) 52. c5 $1 $16 bxc5 (52... Rxd5 $2 {perishes.} 53. Kc4 (53. cxb6 axb6 54. Rg6+ Kxh5 $18) (53. Rg6+ Kxh5 54. Rxf6 bxc5 $18) 53... Rd8 (53... Rd2 $2 54. Be3+ Kxh5 55. Bxd2 $18) 54. Rg6+ (54. cxb6 axb6 55. Rg6+ Kxh5 $16) 54... Kxh5 55. Rxf6 $18) 53. Bxc5 Rxd5 54. Kc4 ({Weaker is} 54. Bxa7 Kxh5 55. Rh1+ Kg6 56. Rg1+ Kf7 $19) 54... Rxc5+ 55. Kxc5 {[%emt 0:00:03] Rg6+ would kill now.} Kxh5 {[%emt 0:00:08] KR-KB} 56. Kd5 {[%emt 0:00:02] Black must now prevent Ke6.} e4 $2 {[%emt 0:00:10][%mdl 8192] [#]} (56... Bg5 $16) 57. Ke6 $1 $18 Bd4 {[%emt 0:00:48] [#]} 58. Rd1 ({White must play} 58. Rg2 $1 $18 f4 59. Kf5) 58... Bf2 $2 (58... Kg4 $11 59. Rxd4 Kf3) 59. Kxf5 {[%emt 0:00:05] White threatens Rh1+ and mate.} e3 60. Rh1+ {Weighted Error Value: White=0.18 (very precise) /Black=0.29 (precise) .  Loses game:     	---       	Black=1      Mistake:       	White=1     	Black=4      Inaccurate:     	White=6     	Black=8      OK:         	White=17    	Black=22     Best:        	White=1     	Black=2      Strong:       	White=5     	---} 1-0